 Dungeon Crawl Stone Soup version 0.25.1-2-g60ff931df9 (webtiles) character file.

Game seed: 13028549101854698982

3014 Dillybarz the Protected (level 9, -19/82 HPs)
             Began as a Minotaur Fighter on Nov 20, 2020.
             Was a Believer of Okawaru.
             Killed from afar by a hellion (25 damage)
             ... with damnation
             ... on level 2 of the Abyss.
             The game lasted 00:45:51 (5978 turns).

Dillybarz the Protected (Minotaur Fighter)          Turns: 5978, Time: 00:45:51

Health: -19/82     AC: 16    Str: 23    XL:     9   Next: 55%
Magic:  8/8        EV:  6    Int:  5    God:    Okawaru [**....]
Gold:   289        SH: 11    Dex: 11    Spells: 8/8 levels left

rFire    . . .     SeeInvis .   b - +3 war axe (flame)
rCold    + . .     Gourm    .   c - +0 kite shield
rNeg     . . .     Faith    .   a - +0 plate armour
rPois    .         Spirit   .   (helmet restricted)
rElec    .         Reflect  .   m - +0 cloak
rCorr    .         Harm     .   (no gloves)
MR       .....                  j - +0 pair of boots
Stlth    ..........             o - amulet of regeneration
HPRegen  0.63/turn              n - ring of protection from cold
MPRegen  0.11/turn              (no ring)

@: no status effects
A: retaliatory headbutt, horns 2
a: Heroism, Renounce Religion


You were on level 2 of the Abyss.
You worshipped Okawaru.
Okawaru was pleased with you.
You were not hungry.

You visited 2 branches of the dungeon, and saw 7 of its levels.
You visited the Abyss 1 time.
You also visited: Sewer.

You collected 289 gold pieces.

Inventory:

Hand Weapons
 b - a +3 war axe of flaming (weapon)
Armour
 a - a +0 plate armour (worn)
 c - a +0 kite shield (worn)
 j - a +0 pair of boots (worn)
 m - a +0 cloak (worn)
Jewellery
 n - a ring of protection from cold (left hand)
 o - an amulet of regeneration (around neck)
 q - a +6 ring of dexterity {unknown}
Scrolls
 e - 5 scrolls of immolation
 h - 4 scrolls of remove curse
 i - 5 scrolls of identify
 s - a scroll of magic mapping
 u - 2 scrolls of amnesia
Potions
 d - 2 potions of might
 g - 2 potions of brilliance
 k - 6 potions of curing
 l - 2 potions of cancellation
 p - 3 potions of heal wounds {unknown}
 r - a potion of stabbing {unknown}
 v - 2 potions of flight {unknown}
 z - 2 potions of mutation {unknown}
 A - a potion of ambrosia {unknown}
Comestibles
 f - 10 rations


   Skills:
 + Level 8.8 Fighting
   Level 3.2 Long Blades
 + Level 7.5 Axes
 + Level 8.9 Armour
 + Level 8.8 Shields


You had 8 spell levels left.
You didn't know any spells.
Your spell library contained the following spells:

 Spells                   Type           Power        Failure   Level  Hunger
 Beastly Appendage        Tmut           #.....       100%        1    ##.....
 Magic Dart               Conj           #...         100%        1    ##.....
 Blink                    Tloc           N/A          100%        2    ###....
 Call Imp                 Summ           #.......     100%        2    ###....
 Slow                     Hex            #.......     100%        2    ###....
 Sticks to Snakes         Tmut           #.......     100%        2    ###....
 Conjure Flame            Conj/Fire      #.......     100%        3    ####...
 Mephitic Cloud           Conj/Pois/Air  #.......     100%        3    ####...
 Spider Form              Tmut/Pois      #.........   100%        3    ####...
 Ice Form                 Ice/Tmut       #.......     100%        4    #####..
 Blade Hands              Tmut           #.........   100%        5    ######.


Dungeon Overview and Level Annotations

Branches:
Dungeon (6/15)             Temple (1/1) D:5           Sewer (visited)

Altars:
Ashenzari
Cheibriados
Dithmenos
Elyvilon
Fedhas
Hepliaklqana
Kikubaaqudgha
Makhleb
Okawaru
Ru
Sif Muna
Trog
Uskayaw
Vehumet
Yredelemnul
The Shining One

Shops:
D:5 }

Annotations:
D:6 bpung's ghost, novice GrFi


Innate Abilities, Weirdness & Mutations

You reflexively headbutt those who attack you in melee.
You have a pair of horns on your head.


Message History

Okawaru is honoured by your kill.
Your life force feels restored.
The substance of the Abyss twists violently, and a gateway leading out appears!
You are covered in liquid flames!
You are covered in liquid flames!
A flying skull comes into view.
The hellion gestures at you.
The sphere of damnation explodes!
The damnation engulfs you!!
* * * LOW HITPOINT WARNING * * *
A flying skull comes into view.
The flying skull gives a hideous shriek! x2
You hear a hideous shriek!
The flying skull barely misses you.
A flying skull comes into view.
A small abomination comes into view.
You block the flying skull's attack.
The flying skull gives a hideous shriek!
The flying skull hits you but does no damage.
The hellion gestures at you.
The sphere of damnation explodes!
The damnation engulfs you!!
You die...

.###.. #.. ## . #
.#... . . ...#...##
...... .. .....# #
#.... # ...# # # ..
#... # ..x### ..# #.#
##.## ##.## ..
...###..z###...###.##
#
....#.....#.....#..#.
.......zz.@........ #
...#....2#.....#..##
. ##...###...### #
##.## ##.## # .
##...### ..#
....#.....#.....#
.......∩..........
....#.....#.....#.
...###...###... ##.


You could see a hellion, a small abomination and 3 flying skulls.

Vanquished Creatures
  A glowing orange brain (Abyss:2)
  Pikel (D:4)
  A smoke demon (Abyss:2)
  A chaos spawn (Abyss:2)
  Edmund (D:4)
  2 slaves (D:4)
  An orc warrior (D:6)
  A centaur (D:5)
  An ogre (D:5)
  7 big kobolds
  A howler monkey (D:4)
  A crimson imp (D:6)
  2 bullfrog zombies (D:5)
  2 centaur zombies (D:5)
  3 hounds
  An orc priest (D:3)
  2 iguanas
  2 orc wizards
  5 worker ants
  9 adders
  2 gnolls
  A shadow imp (D:5)
  4 oozes
  An adder skeleton (D:5)
  A worm (D:2)
  5 dart slugs
  7 orcs
  4 ball pythons
  10 bats
  4 giant cockroaches
  9 goblins
  9 hobgoblins
  9 jackals
  16 kobolds
  3 quokkas
  8 frilled lizards
  11 rats
149 creatures vanquished.

Vanquished Creatures (others)
  Eustachio (D:4)
  2 fungi (D:6)
  2 plants (D:6)
  4 starspawn tentacles (Abyss:2)
9 creatures vanquished.

Grand Total: 158 creatures vanquished

Notes
Turn   | Place    | Note
-------+----------+-------------------------------------------
     0 | D:1      | Dillybarz the Minotaur Fighter began the quest for the Orb.
     0 | D:1      | Reached XP level 1. HP: 19/19 MP: 0/0
    63 | D:1      | Reached XP level 2. HP: 27/27 MP: 1/1
   219 | D:1      | Reached XP level 3. HP: 32/33 MP: 2/2
  1053 | D:2      | Reached XP level 4. HP: 33/41 MP: 3/3
  1858 | D:3      | Reached XP level 5. HP: 30/47 MP: 4/4
  2134 | D:3      | Reached skill level 5 in Armour
  2160 | D:3      | Reached skill level 5 in Fighting
  2160 | D:3      | Reached skill level 5 in Shields
  2441 | D:4      | Noticed Pikel
  2441 | D:4      | Noticed a slave
  2441 | D:4      | Noticed a slave
  2441 | D:4      | Noticed a slave
  2441 | D:4      | Noticed a slave
  2449 | D:4      | Killed a slave
  2449 | D:4      | Killed a slave
  2453 | D:4      | Killed Pikel
  2453 | D:4      | Reached skill level 5 in Axes
  2453 | D:4      | Reached XP level 6. HP: 23/57 MP: 5/5
  2453 | D:4      | Reached XP level 7. HP: 26/63 MP: 6/6
  2582 | D:4      | Got an ichor-stained long sword
  2583 | D:4      | Identified the +5 long sword "Tayzuju" {freeze, Int+2} (You
                  | found it on level 4 of the Dungeon)
  2591 | D:4      | Killed Eustachio
  2597 | D:4      | Found a glowing drain.
  2626 | Sewer    | Entered a sewer
  2653 | Sewer    | Reached skill level 1 in Long Blades
  3098 | D:4      | Reached XP level 8. HP: 71/71 MP: 7/7
  3114 | D:4      | Noticed Edmund
  3123 | D:4      | Killed Edmund
  3763 | D:5      | Entered Level 5 of the Dungeon
  3833 | D:5      | Found Tikhlias's Gadget Emporium.
  4059 | D:5      | Found a staircase to the Ecumenical Temple.
  4078 | Temple   | Entered the Ecumenical Temple
  4107 | Temple   | Became a worshipper of Warmaster Okawaru
  5055 | D:6      | Found a runed translucent gate.
  5056 | D:6      | Noticed bpung's ghost (novice GrFi)
  5058 | D:6      | Found a runed translucent gate.
  5058 | D:6      | Found a runed translucent gate.
  5275 | D:6      | Found a hazy altar of Hepliaklqana.
  5677 | D:6      | Reached * piety under Okawaru
  5677 | D:6      | Reached XP level 9. HP: 49/81 MP: 8/8
  5827 | D:6      | Cast into level 2 of the Abyss (big kobold)
  5832 | Abyss:2  | Found a shimmering altar of Xom.
  5833 | Abyss:2  | Found a shimmering altar of Xom.
  5833 | Abyss:2  | Noticed a smoke demon
  5834 | Abyss:2  | Found a shimmering altar of Xom.
  5834 | Abyss:2  | Found a corrupted altar of Lugonu.
  5834 | Abyss:2  | Found a shimmering altar of Xom.
  5834 | Abyss:2  | Found a shimmering altar of Xom.
  5834 | Abyss:2  | Found a shimmering altar of Xom.
  5835 | Abyss:2  | Found a shimmering altar of Xom.
  5835 | Abyss:2  | Found a shimmering altar of Xom.
  5835 | Abyss:2  | Found a shimmering altar of Xom.
  5836 | Abyss:2  | Found a shimmering altar of Xom.
  5836 | Abyss:2  | Found a shimmering altar of Xom.
  5836 | Abyss:2  | Found a shimmering altar of Xom.
  5837 | Abyss:2  | Found a shimmering altar of Xom.
  5869 | Abyss:2  | Noticed a tentacled starspawn
  5917 | Abyss:2  | Noticed a glowing orange brain
  5930 | Abyss:2  | Killed a glowing orange brain
  5930 | Abyss:2  | Reached ** piety under Okawaru
  5953 | Abyss:2  | Noticed a smoke demon
  5969 | Abyss:2  | Noticed a hellion
  5971 | Abyss:2  | Killed a smoke demon
  5973 | Abyss:2  | HP: 3/82 [hellion/damnation (29)]
  5978 | Abyss:2  | Killed from afar by a hellion

Illustrated notes

Levels and vault maps discovered:
D:1:      lordsloth_arrival_two_stooges, layout_basic,
          corexii_item_surrounded_by_moat
D:2:      layout_basic
D:3:      layout_loops_ring
D:4:      layout_basic, gup_sewer_entry_glass, uniq_pikel, uniq_eustachio,
          uniq_edmund
D:5:      layout_basic, minmay_temple_entry_butterflies, first_ration,
          serial_shops, shop
D:6:      minmay_inner_zag, layout_basic, lemuel_round_altar,
          gammafunk_ghost_nasty_kobolds
Temple:   grunt_wide_crystal_templ
Abyss:2:  base: D:14, abyss_furniture_001, bh_abyss_xom_lugonu_altar,
          minivault_4

Skill      XL: |  1  2  3  4  5  6  7  8  9 |
---------------+----------------------------+-----
Fighting       | 4 6 7 8 |  8.8
Armour         | 4 6 8 |  8.9
Shields        | 4 6 7 8 |  8.8
Axes           | 3 5 6 7 |  7.5
Long Blades    | 2 3 |  3.2

Action                   |  1- 3 |  4- 6 |  7- 9 || total
-------------------------+-------+-------+-------++-------
Melee: War axe           |    64 |    91 |   106 ||   261
       Headbutt          |    11 |    11 |    52 ||    74
       Long sword        |       |       |   100 ||   100
  Use: Scroll            |     2 |     8 |     9 ||    19
       Potion            |       |       |     1 ||     1
  Eat: Chunk             |     1 |     4 |     4 ||     9
       Ration            |       |       |     3 ||     3
Armor: Scale mail        |    34 |    19 |       ||    53
       Swamp dragon scal |       |    37 |    39 ||    76
       Chain mail        |       |       |    41 ||    41
       Plate armour      |       |       |    48 ||    48
Dodge: Dodged            |    36 |    35 |    68 ||   139
Block: Kite shield       |    50 |    50 |   151 ||   251
       Rpst.: Long sword |       |       |    10 ||    10
